 Dungeon Crawl Stone Soup version 0.22-a0-126-g307c7c3 (webtiles) character file.

280 Gildeon the Cudgeler (level 6, -9/47 HPs)
             Began as a Human Fighter on Jan 30, 2018.
             Killed by divine providence
             ... invoked by an orc priest
              (13 damage)
             ... on level 3 of the Dungeon.
             The game lasted 00:12:02 (3093 turns).

Gildeon the Cudgeler (Human Fighter)                Turns: 3093, Time: 00:12:02

Health: -9/47      AC:  9    Str: 16    XL:     6   Next: 52%
Magic:  6/6        EV:  4    Int: 10    God:
Gold:   108        SH:  9    Dex: 13    Spells: 5/5 levels left

rFire    . . .     SeeInvis .   a - +0 morningstar
rCold    . . .     Gourm    +   c - +0 shield
rNeg     . . .     Faith    .   m - +0 chain mail
rPois    .         Spirit   .   (no helmet)
rElec    .         Reflect  .   (no cloak)
rCorr    .         Harm     .   (no gloves)
MR       .....                  (no boots)
Stlth    ..........             k - amulet of the gourmand
HPRegen  0.15/turn              (no ring)
MPRegen  0.10/turn              (no ring)

@: very slightly contaminated, invisible
A: no striking features
a: no special abilities


You were on level 3 of the Dungeon.
You were very full.

You visited 1 branch of the dungeon, and saw 3 of its levels.

You collected 108 gold pieces.

Inventory:

Hand Weapons
 a - a +0 morningstar (weapon)
Armour
 c - a +0 shield (worn)
 m - a +0 chain mail (worn)
Jewellery
 k - an amulet of the gourmand (around neck)
Scrolls
 i - a scroll of teleportation
Potions
 e - a potion of cancellation
 g - a potion of resistance
 h - a potion of invisibility
 j - a potion of agility
 l - 2 potions of berserk rage {unknown}
Comestibles
 b - 2 chunks of flesh
 f - a ration


   Skills:
 - Level 3.0 Fighting
 + Level 6.4 Maces & Flails
 - Level 3.0 Armour
 - Level 3.0 Shields


You had 5 spell levels left.
You didn't know any spells.

Dungeon Overview and Level Annotations

Branches:
Dungeon (3/15)

Altars:
Gozag
Makhleb
Wu Jian


Message History

The orc hits you but does no damage. x2
You strike the helpless orc from behind!
You puncture the orc!
You kill the orc!
The orc hits you with a dagger.
* * * LOW HITPOINT WARNING * * *
The orc priest hits you but does no damage.
You closely miss the orc priest. The orc hits you but does no damage.
The orc priest barely misses you.
You hit the orc priest but do no damage.
You block the orc's attack. The orc priest barely misses you.
A dart slug comes into view.
You catch the helpless orc priest completely off-guard!
You hit the orc priest but do no damage.
The orc priest barely misses you. You block the orc's attack.
You sock the orc priest!
The orc priest is heavily wounded.
The orc priest mumbles some strange prayers to Beogh against you.
Beogh smites you!
You die...

## #..........#.# #.
#########..#.# #.##+######
#..#.# #.........# #..#.#
#.........# ###..#.#
#.........########....#..
##.......§§##.....#....###
..#....)...oo##.....#....###
.#........(@§§'.....'.....))
_.......w....##.....##....##
.######'###'###.....##....#
#.# #(# #.....##....# #.#
#.##########....## #o#
#.##.......#...... o..
#.##.......#...... #.#
#>##.......#.....[ ..#
#.#........'..#'##


You could see an orc priest, a dart slug (wandering) and an orc.

Vanquished Creatures
  An orc priest (D:3)
  Terence (D:2)
  3 orc wizards (D:3)
  2 gnolls (D:3)
  5 adders
  A worm (D:2)
  2 dart slugs
  A leopard gecko (D:3)
  7 orcs (D:3)
  3 giant cockroaches (D:1)
  8 hobgoblins
  4 jackals (D:3)
  3 kobolds (D:1)
  A ball python (D:2)
  3 bats
  A frilled lizard (D:1)
  13 goblins
  13 rats
72 creatures vanquished.

Vanquished Creatures (others)
  A gnoll (D:3)
1 creature vanquished.

Grand Total: 73 creatures vanquished

Notes
Turn   | Place    | Note
-------+----------+-------------------------------------------
     0 | D:1      | Gildeon the Human Fighter began the quest for the Orb.
     0 | D:1      | Reached XP level 1. HP: 18/18 MP: 1/1
   318 | D:1      | Reached XP level 2. HP: 24/24 MP: 2/2
   454 | D:1      | Reached skill level 3 in Maces & Flails
   611 | D:1      | Reached XP level 3. HP: 29/29 MP: 3/3
  1185 | D:2      | Found an ornate altar of the Wu Jian Council.
  1377 | D:2      | Reached skill level 4 in Maces & Flails
  1377 | D:2      | Reached XP level 4. HP: 35/35 MP: 4/4
  1596 | D:2      | Noticed Terence
  1616 | D:2      | Killed Terence
  1984 | D:2      | Found an opulent altar of Gozag.
  2037 | D:2      | Reached XP level 5. HP: 35/41 MP: 5/5
  2166 | D:3      | Reached skill level 5 in Maces & Flails
  2467 | D:3      | Reached XP level 6. HP: 12/47 MP: 6/6
  2779 | D:3      | Reached skill level 6 in Maces & Flails
  3049 | D:3      | Found a burning altar of Makhleb.
  3093 | D:3      | Killed from afar by an orc priest

Vault maps used:
D:1:      sevenhm_arrival_forest_fort_small_5
D:2:      lemuel_coloured_pillars_altar, nicolae_overflow_crystal_walls,
          minmay_goblin_kobold_house, uniq_terence
D:3:      lemuel_crystal_altar, corexii_hall_statues_deadend

Skill      XL: |  1  2  3  4  5  6 |
---------------+-------------------+-----
Maces & Flails | 3 4 5 6 |  6.4
Fighting       | |  3.0
Armour         | |  3.0
Shields        | |  3.0

Action                   |  1- 3 |  4- 6 || total
-------------------------+-------+-------++-------
Melee: Flail             |   118 |   137 ||   255
       Morningstar       |       |    36 ||    36
  Use: Scroll            |     8 |     1 ||     9
       Potion            |       |     4 ||     4
 Stab: Invisible         |       |     2 ||     2
  Eat: Chunk             |     1 |    15 ||    16
       Ration            |     1 |       ||     1
Armor: Scale mail        |    61 |    32 ||    93
       Chain mail        |       |    52 ||    52
Dodge: Dodged            |    29 |    35 ||    64
Block: Shield            |    51 |    82 ||   133

Table legend:
 A = Spawn XP
 B = Non-spawn XP
 C = Spawn XP percentage of total XP
 D = Spawn monster count
 E = Non-spawn monster count
 F = Spawn count percentage of total count
 G = Total turns spent on level
                    A         B        C        D         E        F      G
               +---------+---------+-------+---------+---------+-------+---------
         Total |       0 |     400 |   0.0 |       0 |      73 |   0.0 |  3093
               +---------+---------+-------+---------+---------+-------+---------
           D:1 |       0 |      41 |   0.0 |       0 |      24 |   0.0 |   938
           D:2 |       0 |      98 |   0.0 |       0 |      23 |   0.0 |  1163
           D:3 |       0 |     261 |   0.0 |       0 |      26 |   0.0 |   992
               +---------+---------+-------+---------+---------+-------+---------
